 Dungeon Crawl Stone Soup version 0.29.1-12-g30fa7ad0bf (webtiles) character file.

Game seed: 8414356874786387215

18 H0rd4k the Charlatan (level 2, -2/19 HPs)
             Began as an Octopode Artificer on Dec 19, 2022.
             Killed from afar by a dart slug (6 damage)
             ... with a slug dart
             ... on level 1 of the Dungeon.
             The game lasted 00:00:36 (676 turns).

H0rd4k the Charlatan (Octopode Artificer)            Turns: 676, Time: 00:00:37

Health: -2/19      AC:  1    Str: 11    XL:     2   Next: 70%
Magic:  3/3        EV: 13    Int: 13    God:
Gold:   32         SH:  0    Dex: 12    Spells: 3/3 levels left

rFire   . . .      SeeInvis .   (no weapon)
rCold   . . .      Faith    .   (no shield)
rNeg    . . .      Spirit   .   (helmet restricted)
rPois   +          Reflect  .   (no amulet)
rElec   .          Harm     .   a - ring of poison resistance
rCorr   .          Rampage  .   (no ring)
Will    .....                   (no ring)
Stlth   +++.......              (no ring)
HPRegen 0.06/turn               (no ring)
MPRegen 0.08/turn               (no ring)
                                (no ring)
                                (no ring)

@: no status effects
A: almost no armour, amphibious, 8 rings, camouflage 1, gelatinous body 1,
(nimble swimmer 1), tentacles
a: no special abilities


You were on level 1 of the Dungeon.
You visited 1 branch of the dungeon, and saw 1 of its levels.

You collected 32 gold pieces.

Inventory:

Missiles
 f - 2 throwing nets
Armour
 j - an orb of guile
Jewellery
 a - a ring of poison resistance (left tentacle)
Wands
 b - a wand of flame (15) (quivered)
 c - a wand of charming (20)
 d - a wand of iceblast (5)
Scrolls
 e - a scroll of magic mapping {unknown}
 g - 2 scrolls of teleportation {unknown}
 h - a scroll of noise {unknown}
Potions
 i - a potion of haste {unknown}


   Skills:
 * Level 2.0 Fighting
 + Level 0.1 Maces & Flails
 - Level 2.3 Dodging
 - Level 1.3 Stealth
 * Level 1.1 Spellcasting
 - Level 3.2 Evocations


You had 3 spell levels left.
You didn't know any spells.
Your spell library contained the following spells:

 Spells                   Type           Power      Damage    Failure   Level
 Sandblast                Erth           0%         2d4       28%         1
 Passwall                 Tmut/Erth      0%         N/A       38%         2
 Stone Arrow              Conj/Erth      0%         3d7       63%         3


Dungeon Overview and Level Annotations

Branches:
Dungeon (1/15)

Altars:


Innate Abilities, Weirdness & Mutations

You cannot wear most types of armour.
You are amphibious.
You can wear up to eight rings at the same time.
Your skin changes colour to match your surroundings (Stealth+).
Your rubbery body absorbs attacks. (AC +1, EV +1)
((You are camouflaged when in or above water. (Stealth+)))
You have tentacles for arms and can constrict up to eight enemies at once.


Message History

A hobgoblin comes into view.
The bat hits you but does no damage.
There are monsters nearby!
Found 5 stones.
The bat closely misses you.
There are monsters nearby!
Found a book of Blood.
The hobgoblin shouts!
The bat hits you.
A hobgoblin is nearby!
A hobgoblin is nearby!
A dart slug comes into view.
Found 3 stones.
The hobgoblin barely misses you.
There are monsters nearby!
You closely miss the bat. Your grab misses the bat.
The bat is heavily wounded.
The bat closely misses you. The hobgoblin closely misses you.
There are monsters nearby!
You barely miss the hobgoblin. You grab the hobgoblin.
You constrict the hobgoblin. The bat misses you.
The hobgoblin barely misses you. The bat hits you.
You tentacle-slap the hobgoblin.
The hobgoblin is almost dead.
You constrict the hobgoblin.
You kill the hobgoblin!
The bat hits you. The dart slug launches a dart at you. The slug dart hits you.
The bat closely misses you. The bat barely misses you. The bat misses you.
The dart slug briefly extends its eye-stalks.
You closely miss the bat. Your grab misses the bat.
Your squeeze misses the bat. The bat barely misses you.
The bat attacks as you move away! The bat hits you.
* * * LOW HITPOINT WARNING * * *
The bat hits you.
* * * LOW HITPOINT WARNING * * *
The dart slug launches a dart at you. The slug dart hits you.
You die...

##### #...# #...#
#### ####...#####..
#.......>.##.#
#.........##.###
#.....b@.......#
#######...#####.#.#
# #.....#...#
#.#.##.#
#.....#...#
#†.....#
#..#.....##
###.#### #.....####
#.# #............
#.### #.#w##.......
#...# #:(.. .......
###.#


You could see a dart slug and a bat.

Vanquished Creatures
  A dart slug (D:1)
  A bat (D:1)
  An endoplasm (D:1)
  A giant cockroach (D:1)
  2 goblins (D:1)
  2 hobgoblins (D:1)
  2 quokkas (D:1)
  2 ball pythons (D:1)
  2 frilled lizards (D:1)
  A rat (D:1)
15 creatures vanquished.

Notes
Turn   | Place    | Note
-------+----------+-------------------------------------------
     0 | D:1      | H0rd4k the Octopode Artificer began the quest for the Orb.
     0 | D:1      | Reached XP level 1. HP: 13/13 MP: 1/1
    19 | D:1      | Found a faded altar of an unknown god.
   314 | D:1      | Reached XP level 2. HP: 12/18 MP: 1/3
   525 | D:1      | Reached skill level 1 in Spellcasting
   676 | D:1      | Killed from afar by a dart slug

Illustrated notes

Levels and vault maps discovered:
D:1:      tarquinn_simple_flora_water_d, layout_loops_cross,
          hellmonk_ecumenical_altar_lost_god, minmay_pentomino_z2

Skill      XL: |  1  2 |
---------------+-------+-----
Spellcasting   | 1 |  1.1
Fighting       | 2 |  2.0
Maces & Flails | |  0.1
Dodging        | |  2.3
Stealth        | |  1.3
Evocations     | |  3.2

Action                   || total
-------------------------++-------
Melee: Club              ||    11
       Unarmed           ||    31
       Constrict         ||    16
       Tentacles         ||     9
 Stab: Sleeping          ||     4
Armor: Skin              ||     4
Dodge: Dodged            ||    55
